 Dungeon Crawl Stone Soup version 0.20.0-8-g6b59dc7 (webtiles) character file.

2719 ArtsTyrian the Digger (level 9, -4/53 HPs)
             Began as an Octopode Earth Elementalist on May 31, 2017.
             Was a Follower of Vehumet.
             Shot with an arrow by a centaur (17 damage)
             ... on level 7 of the Dungeon.
             The game lasted 01:23:53 (8034 turns).

ArtsTyrian the Digger (Octopode Earth Elementalist) Turns: 8034, Time: 01:23:54

Health: -4/53      AC:  2    Str:  7    XL:     9   Next: 66%
Magic:  14/20      EV: 14    Int: 22    God:    Vehumet [*.....]
Gold:   539        SH:  0    Dex: 10    Spells: 6/22 levels left

rFire    . . .     SeeInvis .   w - +8 bardiche "Xiloh" {drain, rN+ Dex-3 Stlth+}
rCold    . . .     Gourm    .   (shield currently unavailable)
rNeg     + . .     Faith    .   n - +1 hat
rPois    .         Spirit   .   (no amulet)
rElec    .         Reflect  .   C - +2 ring of intelligence
rCorr    .         Harm     .   (no ring)
MR       .....                  (no ring)
Stlth    +++++.....             (no ring)
Regen    0.2/turn               (no ring)
MPRegen  0.2/turn               (no ring)
                                (no ring)
                                (no ring)

@: no status effects
A: almost no armour, stealthy swim, amphibious, 8 rings, constrict 8, camouflage
1, gelatinous body 1
a: Renounce Religion


You were on level 7 of the Dungeon.
You worshipped Vehumet.
Vehumet was aware of your devotion.
You were not hungry.

You visited 1 branch of the dungeon, and saw 7 of its levels.

You collected 539 gold pieces.

Inventory:

Hand Weapons
 c - a +4 vampiric scythe
 e - a +0 war axe of holy wrath
 m - a +0 short sword of flaming
 w - the +8 bardiche "Xiloh" (weapon) {drain, rN+ Dex-3 Stlth+}
   (You found it on level 6 of the Dungeon)

   A truly terrible weapon, it drains the life of those it strikes.
   It affects your dexterity (-3).
   It protects you from negative energy.
   It makes you more stealthy.
Missiles
 b - 54 stones (quivered)
Armour
 n - a +1 hat (worn)
Jewellery
 C - a +2 ring of intelligence (left tentacle)
Wands
 a - a wand of disintegration (20/24)
 i - a wand of digging (11/24)
 v - a wand of lightning (3/15)
Scrolls
 g - 3 scrolls of identify
 j - 2 scrolls of recharging
 l - a scroll of immolation {unknown}
 p - 2 scrolls of blinking {unknown}
 r - a scroll of noise {unknown}
 s - a scroll of enchant weapon {unknown}
 t - a scroll of random uselessness {unknown}
 x - a scroll of fear {unknown}
 y - a scroll of fog {unknown}
 z - a scroll of remove curse
Potions
 f - 2 potions of heal wounds {unknown}
 h - 2 potions of lignification {unknown}
 k - a potion of flight {unknown}
 o - a potion of agility {unknown}
 q - a potion of magic {unknown}
 A - a potion of haste {unknown}
 D - a potion of curing
 E - 2 potions of mutation {unknown}
 F - a potion of brilliance {unknown}
Books
 d - a book of Geomancy

   Spells                             Type                      Level
   a - Sandblast                      Earth                        1
   b - Passwall                       Transmutation/Earth          2
   c - Stone Arrow                    Conjuration/Earth            3
   d - Petrify                        Transmutation/Earth          4
   e - Lee's Rapid Deconstruction     Earth                        5
Comestibles
 u - a bread ration
 B - a royal jelly


   Skills:
 * Level 1.5 Fighting
 * Level 1.6 Polearms
 * Level 4.6 Dodging
 * Level 6.4 Stealth
 * Level 7.4 Spellcasting
 + Level 1.3 Conjurations
 * Level 3.1 Transmutations
 * Level 7.7 Earth Magic


You had 6 spell levels left.
You knew the following spells:

 Your Spells              Type           Power        Failure   Level  Hunger
a - Sandblast             Erth           #####.       1%          1    None
b - Passwall              Tmut/Erth      ####......   1%          2    None
c - Stone Arrow           Conj/Erth      ####..       3%          3    None
d - Petrify               Tmut/Erth      ####....     9%          4    ###....
e - Lee's Rapid Deconstr  Erth           #####.....   9%          5    #####..
f - Flame Tongue          Conj/Fire      ##...        6%          1    None


Dungeon Overview and Level Annotations

Branches:
Dungeon (7/15)
 Temple: D:4-7

Altars:
Dithmenos
Hepliaklqana
Kikubaaqudgha
Okawaru
Qazlal
Ru
Vehumet
Xom
Zin
The Shining One

Shops:
D:4 }


Innate Abilities, Weirdness & Mutations

You cannot wear most types of armour.
You are very stealthy in the water. (Stealth+)
You are amphibious.
You can wear up to eight rings at the same time.
You can use your tentacles to constrict eight enemies at once.
Your skin changes colour to match your surroundings (Stealth+).
Your rubbery body absorbs attacks. (AC +1, EV +1)


Message History

You see here a chunk of flesh.
Eat a chunk of flesh? (ye/n/q)
You eat the chunk of flesh.
This raw flesh tastes terrible.
You see here a purple potion.
Autopickup is now on.
F - a purple potion Wield which item (- for none, * to show all)? (? for menu, Esc to quit)
Okay, then.
Wear which item? (? for menu, Esc to quit)
You start putting on your armour.
You continue putting on your runed hat. x4
You finish putting on your +1 hat.
Found a ring mail and 4 fruits.
A centaur comes into view.
Found a plate armour.
The centaur shouts!
The centaur wields a shortbow.
The centaur shoots an arrow.
The arrow hits you.
* * * LOW HITPOINT WARNING * * *
You see here an arrow.
The centaur shoots an arrow.
The arrow hits you!
You die...

# #.......#
##.#............. #
#.......# #.##<...........
### #.......##
#.##............ ..#
#........###..#....###.#..#.
#..# #............#...#.#
#.#..#. ##.#
#########.......#..# #H#..#.
##.# ###..........## #(.#.
.#.# #........#### ..##.
...# #.##..@### ...... ...#
#. ##.(# ...... ...## #
#.[....... ..#s.## ....#
.........%....... #..Y.#
....# #............c....
....###.................
.....##.$...........[...
..#...#.................
.###....................


You could see a centaur.

Vanquished Creatures
  Grinder (D:5)
  Sigmund (D:3)
  Menkaure (D:5)
  A sky beast (D:6)
  3 ice beasts
  5 ogres
  2 phantoms
  A centaur (D:6)
  Blork the orc (D:5)
  2 bullfrogs
  A howler monkey (D:6)
  2 crimson imps (D:6)
  A jelly (D:6)
  3 hounds
  Crazy Yiuf (D:3)
  A gnoll shaman (D:6)
  4 orc wizards
  Jessica (D:3)
  3 iguanas
  Natasha (thrice) (D:2)
  7 worker ants
  A hound zombie (D:5)
  A howler monkey zombie (D:7)
  A worker ant zombie (D:6)
  3 gnolls (D:6)
  7 adders
  2 shadow imps
  An ooze (D:3)
  An adder zombie (D:7)
  5 worms
  2 dart slugs (D:3)
  4 leopard geckos
  14 orcs
  3 bats
  6 giant cockroaches
  15 goblins
  6 hobgoblins
  5 jackals
  3 quokkas
  2 frilled lizards
  5 kobolds
  A leopard gecko skeleton (D:4)
  A leopard gecko zombie (D:6)
  9 rats
143 creatures vanquished.

Vanquished Creatures (others)
  4 toadstools (D:1)
4 creatures vanquished.

Grand Total: 147 creatures vanquished

Notes
Turn   | Place    | Note
-------+----------+-------------------------------------------
     0 | D:1      | ArtsTyrian the Octopode Earth Elementalist began the quest for the Orb.
     0 | D:1      | Reached XP level 1. HP: 11/11 MP: 3/3
   347 | D:1      | Reached XP level 2. HP: 17/17 MP: 0/5
   777 | D:2      | Noticed Natasha
   781 | D:2      | Killed Natasha
   781 | D:2      | Reached XP level 3. HP: 21/21 MP: 2/7
   836 | D:2      | Reached XP level 4. HP: 27/27 MP: 4/8
   916 | D:2      | Noticed Natasha
   917 | D:2      | Killed Natasha
   967 | D:2      | Noticed Natasha
  1050 | D:2      | Killed Natasha
  1050 | D:2      | Reached XP level 5. HP: 22/31 MP: 2/10
  1905 | D:3      | Found a faded altar of an unknown god.
  1909 | D:3      | Learned a level 1 spell: Sandblast
  1993 | D:3      | Noticed Sigmund
  2017 | D:3      | Learned a level 2 spell: Passwall
  2021 | D:3      | Learned a level 3 spell: Stone Arrow
  2082 | D:3      | Noticed Jessica
  2282 | D:3      | Killed Jessica
  2309 | D:3      | Found a runed door.
  2550 | D:3      | Found a shadowy altar of Dithmenos.
  2556 | D:3      | Found a radiant altar of Vehumet.
  2556 | D:3      | Found a glowing golden altar of the Shining One.
  2557 | D:3      | Found a hazy altar of Hepliaklqana.
  2561 | D:3      | Found an iron altar of Okawaru.
  2588 | D:3      | Became a worshipper of Vehumet
  2640 | D:3      | Reached XP level 6. HP: 36/36 MP: 7/12
  2710 | D:3      | Learned a level 4 spell: Petrify
  3194 | D:4      | Found a stormy altar of Qazlal.
  3195 | D:4      | Found an ancient bone altar of Kikubaaqudgha.
  3195 | D:4      | Found a shimmering altar of Xom.
  3196 | D:4      | Found a glowing silver altar of Zin.
  3242 | D:4      | Reached skill level 5 in Earth Magic
  3374 | D:4      | Noticed a phantom
  3717 | D:4      | Killed a phantom
  3717 | D:4      | Reached XP level 7. HP: 41/41 MP: 3/13
  3849 | D:4      | Found Garhicw's Gadget Emporium.
  4179 | D:4      | Learned a level 5 spell: Lee's Rapid Deconstruction
  4505 | D:3      | Killed Sigmund
  4505 | D:3      | Reached skill level 5 in Spellcasting
  4505 | D:3      | Reached skill level 1 in Conjurations
  4689 | D:3      | Noticed Crazy Yiuf
  4693 | D:3      | Killed Crazy Yiuf
  4824 | D:4      | Reached XP level 8. HP: 43/46 MP: 8/16
  5027 | D:5      | Entered Level 5 of the Dungeon
  5027 | D:5      | Noticed Blork the orc
  5034 | D:5      | Killed Blork the orc
  5469 | D:5      | Reached * piety under Vehumet
  5469 | D:5      | Offered knowledge of Flame Tongue by Vehumet.
  5489 | D:5      | Learned a level 1 spell: Flame Tongue
  5839 | D:5      | Noticed Menkaure
  6139 | D:5      | Noticed Grinder
  6147 | D:5      | Killed Grinder
  6147 | D:5      | Reached skill level 5 in Stealth
  6147 | D:5      | Reached XP level 9. HP: 51/51 MP: 8/18
  6359 | D:5      | Killed Menkaure
  6517 | D:6      | Got a bloodstained bardiche
  6545 | D:5      | Identified the +8 bardiche "Xiloh" {drain, rN+ Dex-3 Stlth+} (You found it on level 6 of the Dungeon)
  6745 | D:6      | Reached skill level 1 in Fighting
  6869 | D:6      | Reached skill level 1 in Polearms
  6977 | D:6      | Found a sacrificial altar of Ru.
  7695 | D:7      | Noticed a manticore
  8034 | D:7      | Shot with an arrow by a centaur

Skill      XL: |  1  2  3  4  5  6  7  8  9 |
---------------+----------------------------+-----
Spellcasting   | 3 4 5 6 7 |  7.4
Earth Magic    | 4 5 6 7 |  7.7
Stealth        | 3 4 5 6 |  6.4
Dodging        | 3 4 |  4.6
Conjurations   | 1 |  1.3
Transmutations | 2 3 |  3.1
Fighting       | 1 |  1.5
Polearms       | 1 |  1.6

Action                   |  1- 3 |  4- 6 |  7- 9 || total
-------------------------+-------+-------+-------++-------
Melee: Unarmed           |     3 |     1 |       ||     4
       Constrict         |     1 |     2 |     5 ||     8
       Tentacles         |     1 |     1 |     8 ||    10
       Whip              |       |     2 |       ||     2
       Short sword       |       |       |     6 ||     6
       Bardiche          |       |       |    41 ||    41
 Cast: Sandblast         |    21 |    96 |    86 ||   203
       Passwall          |       |     2 |       ||     2
       Stone Arrow       |       |    12 |    26 ||    38
       Petrify           |       |       |    30 ||    30
       Lee's Rapid Decon |       |       |     6 ||     6
       Flame Tongue      |       |       |    20 ||    20
  Use: Scroll            |       |     5 |     3 ||     8
       Potion            |       |       |     2 ||     2
 Stab: Sleeping          |       |     1 |     3 ||     4
       Petrified         |       |       |    15 ||    15
       Paralysed         |       |       |     1 ||     1
  Eat: Fruit             |       |     5 |     4 ||     9
       Chunk             |       |     3 |    13 ||    16
       Royal jelly       |       |     1 |       ||     1
       Bread ration      |       |       |     2 ||     2
Armor: Skin              |     1 |     2 |     1 ||     4
Dodge: Dodged            |     3 |    19 |    53 ||    75
